 Dungeon Crawl Stone Soup version 0.27.1-1-g398f81649c (webtiles) character file.

Game seed: 17955606228677967300

126 acemry the Changer (level 5, -7/33 HPs)
             Began as an Octopode Transmuter on Sept 9, 2021.
             Mangled by a scorpion (8 damage)
             ... on level 3 of the Dungeon.
             The game lasted 00:04:38 (3299 turns).

acemry the Changer (Octopode Transmuter)            Turns: 3299, Time: 00:04:39

Health: -7/33      AC:  1    Str:  9    XL:     5   Next: 9%
Magic:  7/8        EV: 13    Int: 17    God:
Gold:   36         SH:  0    Dex: 12    Spells: 4/8 levels left

rFire    . . .     SeeInvis .   f - +0 spear
rCold    . . .     Faith    .   (no shield)
rNeg     . . .     Spirit   .   (helmet currently unavailable)
rPois    .         Reflect  .   g - amulet of the acrobat
rElec    .         Harm     .   (no ring)
rCorr    .         Rampage  .   (no ring)
Will     .....                  (no ring)
Stlth    ++........             (no ring)
HPRegen  0.11/turn              (no ring)
MPRegen  0.11/turn              (no ring)
                                (no ring)
                                (no ring)

@: lethally poisoned (-7 -> -12), appendages
A: tentacle spike 3, almost no armour, amphibious, 8 rings, camouflage 1,
gelatinous body 1, (nimble swimmer 1), tentacles
a: End Transformation


You were on level 3 of the Dungeon.
One of your tentacles had grown a beastly spike.
You visited 1 branch of the dungeon, and saw 4 of its levels.

You collected 36 gold pieces.

Inventory:

Hand Weapons
 d - a +0 dagger
 f - a +0 spear (weapon)
Missiles
 c - 33 poisoned darts
Jewellery
 g - an amulet of the acrobat (around mantle)
Potions
 a - 2 potions of heal wounds
 b - a potion of berserk rage {unknown}
 e - a potion of curing {unknown}
 h - a potion of degeneration {unknown}
 i - a potion of might {unknown}
 j - a potion of ambrosia {unknown}


   Skills:
 - Level 1.0 Fighting
 - Level 2.0 Dodging
 - Level 3.0 Unarmed Combat
 - Level 2.0 Spellcasting
 + Level 4.6 Transmutations
 * Level 2.2 Poison Magic


You had 4 spell levels left.
You knew the following spells:

 Your Spells              Type           Power      Damage    Failure   Level
a - Beastly Appendage     Tmut           34%        N/A       3%          1
b - Spider Form           Tmut/Pois      6%         N/A       14%         3

Your spell library contained the following spells:

 Spells                   Type           Power      Damage    Failure   Level
 Wereblood                Tmut           17%        N/A       4%          2
 Animate Skeleton         Necr           2%         N/A       19%         1
 Apportation              Tloc           2%         N/A       19%         1
 Corona                   Hex            1%         N/A       19%         1
 Summon Small Mammal      Summ           4%         N/A       19%         1
 Ice Form                 Ice/Tmut       9%         N/A       58%         4
 Summon Lightning Spire   Summ/Air       1%         N/A       88%         4
 Alistair's Intoxication  Tmut/Pois      8%         N/A       78%         5
 Borgnjor's Vile Clutch   Necr/Erth      0%         N/A       99%         5
 Eringya's Noxious Bog    Tmut/Pois      6%         N/A       100%        6
 Storm Form               Tmut/Air       4%         N/A       100%        7
 Maxwell's Capacitive Co  Air            0%         ∞         100%        8


Dungeon Overview and Level Annotations

Branches:
Dungeon (4/15)
 Temple: D:4-7

Altars:

Annotations:
D:4 Blork the orc


Innate Abilities, Weirdness & Mutations

One of your tentacles has grown a beastly spike.
You cannot wear most types of armour.
You are amphibious.
You can wear up to eight rings at the same time.
Your skin changes colour to match your surroundings (Stealth+).
Your rubbery body absorbs attacks. (AC +1, EV +1)
((You are camouflaged near water. (Stealth+)))
You have tentacles for arms and can constrict up to eight enemies at once.


Message History

You closely miss the howler monkey. You grab the howler monkey.
You squeeze the howler monkey, but do no damage.
The howler monkey is moderately wounded.
You constrict the howler monkey. The howler monkey hits you.
You hit the howler monkey.
You pierce the howler monkey.
The howler monkey is severely wounded.
You constrict the howler monkey. The howler monkey hits you.
* * * LOW HITPOINT WARNING * * *
You hit the howler monkey.
You pierce the howler monkey, but do no damage.
The howler monkey is almost dead.
You constrict the howler monkey. The howler monkey hits you.
* * * LOW HITPOINT WARNING * * *
The howler monkey closely misses you.
You hit the howler monkey.
You kill the howler monkey!
Your Poison Magic skill increases to level 2!
You have reached level 5!
You feel clever.
You feel much better. The scorpion stings you.
You are poisoned.
The scorpion poisons you! The scorpion stings you!
You barely miss the scorpion. You grab the scorpion.
You constrict the scorpion.
* * * LOW HITPOINT WARNING * * *
You feel very sick. The scorpion stings you.
* * * LOW HITPOINT WARNING * * *
You hit the scorpion.
You pierce the scorpion, but do no damage.
The scorpion is lightly wounded.
You constrict the scorpion.
* * * LOW HITPOINT WARNING * * *
You feel sick. The scorpion barely misses you.
You hit the scorpion but do no damage. You squeeze the scorpion.
The scorpion is moderately wounded.
You constrict the scorpion.
* * * LOW HITPOINT WARNING * * *
You feel sick. The scorpion stings you!
You die...

########## .........#
########.# ########
.......#.# ###......##
...###.#.### #@#.......####
...# #.#.#.# #s#..........#
...###.#.#.#####..........#.#
...#...#.#.....#.##.......#.#
........<.......>.+.......#.#
#..........<##.#.##.........#
#.##.#.#..#.##.#.##.......###
#.##.#.#÷.#....#.###.####.#
#.#....#..#.####.# #.#
#.#######


You could see a scorpion.

Vanquished Creatures
  A howler monkey (D:3)
  A gnoll (D:1)
  3 adders (D:2)
  A worm (D:3)
  2 dart slugs
  An orc (D:4)
  8 endoplasms
  2 giant cockroaches (D:1)
  4 goblins
  2 quokkas
  5 ball pythons
  4 bats
  4 frilled lizards
  5 kobolds
  4 rats
47 creatures vanquished.

Notes
Turn   | Place    | Note
-------+----------+-------------------------------------------
     0 | D:1      | acemry the Octopode Transmuter began the quest for the Orb.
     0 | D:1      | Reached XP level 1. HP: 13/13 MP: 3/3
   183 | D:1      | Reached XP level 2. HP: 11/18 MP: 3/5
   532 | D:1      | Reached skill level 3 in Transmutations
   716 | D:1      | Found a faded altar of an unknown god.
   728 | D:1      | Reached XP level 3. HP: 20/23 MP: 6/6
  1124 | D:2      | Learned a level 3 spell: Spider Form
  1512 | D:2      | Reached skill level 4 in Transmutations
  1512 | D:2      | Reached skill level 1 in Poison Magic
  1512 | D:2      | Reached XP level 4. HP: 4/28 MP: 7/7
  2913 | D:4      | Noticed Blork the orc
  2921 | D:4      | Noticed a scorpion
  3294 | D:3      | HP: 1/28 [howler monkey (4)]
  3296 | D:3      | Reached XP level 5. HP: 1/33 MP: 6/8
  3299 | D:3      | HP: 1/33 [poisoned by a scorpion]
  3299 | D:3      | Mangled by a scorpion

Illustrated notes

Levels and vault maps discovered:
D:1:      minmay_arrival_solitary_statue, layout_rooms,
          chequers_ecumenical_altar_simple
D:2:      layout_rooms
D:3:      layout_basic, corexii_hall_statues_i
D:4:      layout_cave_pools, lemuel_temple_firewalk_a, uniq_edmund,
          uniq_blork_the_orc

Skill      XL: |  1  2  3  4 |
---------------+-------------+-----
Transmutations | 3 4 |  4.6
Poison Magic   | 1 2 |  2.2
Fighting       | |  1.0
Dodging        | |  2.0
Unarmed Combat | |  3.0
Spellcasting   | |  2.0

Action                   |  1- 3 |  4- 6 || total
-------------------------+-------+-------++-------
Melee: Unarmed           |    28 |       ||    28
       Constrict         |    17 |    12 ||    29
       Kick              |    18 |    10 ||    28
       Tentacles         |    14 |     5 ||    19
       Punch             |     2 |     1 ||     3
       Dagger            |    30 |       ||    30
       Spear             |    31 |    48 ||    79
 Cast: Beastly Appendage |    18 |    16 ||    34
  Use: Scroll            |       |     4 ||     4
       Potion            |       |     1 ||     1
 Stab: Sleeping          |     6 |     3 ||     9
Armor: Skin              |     6 |     4 ||    10
Dodge: Dodged            |    53 |    22 ||    75
